 Dungeon Crawl Stone Soup version 0.31-a0-1169-gd935f9fcdc (webtiles) character file.

Game seed: 5700431400427862531

3039665 Amplified the Minotaur Cataclysm (level 27, 242/245 HPs)
             Began as a Minotaur Fighter on Nov 28, 2023.
             Was a High Priest of Qazlal.
             Escaped with the Orb
             ... and 5 runes on Dec 10, 2023!
             The game lasted 02:18:49 (77038 turns).

Amplified the Minotaur Cataclysm (MiFi)            Turns: 77038, Time: 02:18:50

Health: 242/245    AC: 50    Str: 30    XL:     27
Magic:  39/39      EV: 15    Int:  6    God:    Qazlal [*****.]
Gold:   8445       SH: 36    Dex: 17    Spells: 26/44 levels left

rFire   + + .        J - +4 consecrated labrys {holy, Valiant Fragile Fly SInv}
rCold   + + .        l - +6 tower shield {AC+3}
rNeg    + + .        G - +12 gold dragon scales
rPois   +            (helmet restricted)
rElec   +            A - scarf {rC+ rF+}
rCorr   .            S - +2 pair of gloves
SInv    +            z - +2 pair of boots "Ecapsuudd" {rElec Int+3}
Will    +++..        P - amulet of Sitin {Faith Will+ SInv} Stlth
                     c - ring "Reaqith" {rElec rPois rN+ Int-5}
HPRegen 0.60/turn    N - ring of Secrets {rN+ Dex+3}
MPRegen 0.26/turn

%: repel missiles, faith
@: flying, studying Ranged Weapons
A: horns 2, retaliatory headbutt, fangs 1, frail 1, strong 1, inability to read
after injury 1
0: Orb of Zot
}: 5/15 runes: barnacled, slimy, silver, abyssal, gossamer
a: Renounce Religion, Upheaval, Elemental Force, Disaster Area


You escaped.
You worshipped Qazlal.
Qazlal was extremely pleased with you.
You visited 13 branches of the dungeon, and saw 57 of its levels.
You visited the Abyss 3 times.
You visited 1 ziggurat, and saw 9 of its levels.
You also visited: Trove, Bailey, Gauntlet, Wizlab and Desolation.

You collected 13062 gold pieces.
You spent 4617 gold pieces at shops.

Inventory:

Hand Weapons
 J - the +4 consecrated labrys (weapon) {holy, Valiant Fragile Fly SInv}
   (You took it off a hell knight on level 2 of the Vaults)

   Valiant:   It becomes more powerful as more dangerous foes come into view.
   SInv:      It lets you see invisible.
   Fly:       It grants you flight.
   Fragile:   It will be destroyed if unequipped.
 Q - a +0 glaive
Missiles
 r - 9 throwing nets
Armour
 a - the +5 moon troll leather armour {Spirit, Regen++ MP+5}
   (You found it on level 7 of a ziggurat)

   MP+5:      It affects your magic capacity (+5).
   Regen++:   It increases your rate of health regeneration.
 f - the +0 pair of boots of Lilacs {rPois rCorr Dex+8 Slay-3}
   (You found it in a treasure trove)

   Dex+8:     It affects your dexterity (+8).
   Slay-3:    It affects your accuracy & damage with ranged weapons and melee
   (-3).
   rPois:     It protects you from poison rCorr: It protects you from acid and
   corrosion.
 l - a +6 tower shield of protection (worn)
 v - the scarf of Umege {repulsion, rF++}
   (You found it in a treasure trove)

   rF++:      It greatly protects you from fire.
 z - the +2 pair of boots "Ecapsuudd" (worn) {rElec Int+3}
   (You found it on level 4 of the Spider Nest)

   Int+3:     It affects your intelligence (+3).
   rElec:     It insulates you from electricity.
 A - a scarf of resistance (worn)
 F - a +1 cloak of preservation
 G - +12 gold dragon scales (worn)
 I - the +5 plate armour "Guishero" {Fly rF+ rN+}
   (You bought it in a shop on level 2 of the Vaults)

   rF+:       It protects you from fire.
   rN+:       It protects you from negative energy.
   Fly:       It grants you flight.
 S - a +2 pair of gloves (worn)
 X - the +1 acid dragon scales of Muleuw {rF+ Regen+ rCorr Str-4}
   (You took it off a deep elf annihilator on level 3 of the Elven Halls)

   Str-4:     It affects your strength (-4).
   rF+:       It protects you from fire.
   Regen+:    It increases your rate of health regeneration.
   rCorr:     It protects you from acid and corrosion.
Jewellery
 c - the ring "Reaqith" (left hand) {rElec rPois rN+ Int-5}
   (You found it on level 3 of the Crypt)

   [ring of positive energy]

   Int-5:     It affects your intelligence (-5).
   rElec:     It insulates you from electricity.
   rPois:     It protects you from poison rN+: It protects you from negative
   energy.
 g - a ring of see invisible
 o - the ring of Rifywihamp {rElec rF+ AC+4 Str+3}
   (You acquired it on level 6 of the Dungeon)

   [ring of protection]

   AC+4:      It affects your AC (+4).
   Str+3:     It affects your strength (+3).
   rF+:       It protects you from fire.
   rElec:     It insulates you from electricity.
 s - a ring of resist corrosion
 y - a ring of protection from cold
 L - the dreamshard necklace {Acrobat *Dream}
   (You found it on level 6 of a ziggurat)

   [amulet of the acrobat]

   *Dream:    It absorbs a single lethal wound into itself, holding its wearer
   just short of death and releasing dream-creatures to guard them.
   Acrobat:   It increases your evasion while moving and waiting.
 N - the ring of Secrets (right hand) {rN+ Dex+3}
   (You found it on level 3 of the Crypt)

   [ring of positive energy]

   Dex+3:     It affects your dexterity (+3).
   rN+:       It protects you from negative energy.
 P - the amulet of Sitin (around neck) {Faith Will+ SInv}
   (You found it on level 6 of a ziggurat)

   [amulet of faith]

   Faith:     It allows you to gain divine favour quickly.
   Will+:     It increases your willpower.
   SInv:      It lets you see invisible.
Wands
 h - a wand of roots (65)
 k - a wand of flame (125)
 q - a wand of mindburst (28)
 w - a wand of paralysis (64)
 D - a wand of polymorph (25)
 U - a wand of acid (26)
Scrolls
 b - 4 scrolls of butterflies
 d - 7 scrolls of vulnerability
 e - 3 scrolls of fog
 j - 3 scrolls of silence
 m - 6 scrolls of fear
 n - 6 scrolls of poison
 u - 10 scrolls of teleportation
 M - 5 scrolls of immolation
 W - 8 scrolls of amnesia
Potions
 i - 3 potions of magic
 p - 11 potions of ambrosia
 t - 6 potions of brilliance
 x - 2 potions of attraction
 B - 7 potions of heal wounds
 C - 2 potions of lignification
 E - 15 potions of curing
 H - 5 potions of mutation
 K - 5 potions of enlightenment
 V - 2 potions of resistance
 Z - 3 potions of haste
Miscellaneous
 Y - a phantom mirror


   Skills:
 O Level 27 Fighting
 - Level 20.3 Axes
 O Level 27 Armour
 - Level 14.9 Dodging
 - Level 23.7 Shields
 * Level 9.1 Spellcasting
 - Level 3.5 Hexes
 * Level 7.0 Necromancy
 - Level 5.3 Translocations
 - Level 3.9 Air Magic
 O Level 27 Invocations


You had 26 spell levels left.
You knew the following spells:

 Your Spells              Type           Power      Damage    Failure   Level
a - Lesser Beckoning      Tloc           18%        N/A       21%         2
b - Passwall              Tmut/Erth      1%         N/A       88%         2
c - Manifold Assault      Tloc           9%         N/A       80%         4
d - Dispel Undead         Necr           11%        3d9       56%         4
e - Silence               Hex/Air        3%         N/A       100%        5
f - Apportation           Tloc           18%        N/A       14%         1

Your spell library contained the following spells:

 Spells                   Type           Power      Damage    Failure   Level
 Necrotise                Necr           44%        1d6       7%          1
 Sublimation of Blood     Necr           11%        N/A       11%         2
 Blink                    Tloc           18%        N/A       21%         2
 Vampiric Draining        Necr           11%        2d6       22%         3
 Kiss of Death            Conj/Necr      24%        2d7       30%         1
 Slow                     Hex            24%        N/A       30%         1
 Cigotuvi's Dreadful Rot  Necr/Pois/Air  14%        N/A       38%         2
 Gell's Gravitas          Tloc           9%         N/A       38%         3
 Teleport Other           Tloc           9%         N/A       38%         3
 Shock                    Conj/Air       20%        1d4       50%         1
 Animate Dead             Necr           11%        N/A       56%         4
 Swiftness                Air            7%         N/A       58%         3
 Poisonous Vapours        Pois/Air       10%        N/A       63%         2
 Static Discharge         Conj/Air       10%        3-4/arc   63%         2
 Confusing Touch          Hex            6%         N/A       65%         3
 Sigil of Binding         Hex            6%         N/A       65%         3
 Tukima's Dance           Hex            6%         N/A       65%         3
 Ensorcelled Hibernation  Hex/Ice        8%         N/A       67%         2
 Sting                    Tmut/Pois      8%         1d3       77%         1
 Summon Small Mammal      Summ           8%         N/A       77%         1
 Volatile Blastmotes      Fire/Tloc      10%        2d10      77%         3
 Passage of Golubria      Tloc           9%         N/A       80%         4
 Anguish                  Hex/Necr       4%         N/A       82%         4
 Wereblood                Tmut           2%         N/A       88%         2
 Dazzling Flash           Conj/Hex       8%         N/A       88%         3
 Inner Flame              Hex/Fire       4%         N/A       88%         3
 Summon Guardian Golem    Hex/Summ       4%         N/A       88%         3
 Vhi's Electric Charge    Tloc/Air       16%        N/A       88%         4
 Dimensional Bullseye     Hex/Tloc       4%         N/A       89%         4
 Agony                    Necr           11%        N/A       89%         5
 Mephitic Cloud           Conj/Pois/Air  4%         N/A       91%         3
 Airstrike                Air            3%         2d(1-17)  94%         4
 Cause Fear               Hex            3%         N/A       96%         4
 Call Canine Familiar     Summ           2%         N/A       98%         3
 Ignite Poison            Fire/Tmut/Pois 2%         N/A       98%         3
 Ozocubu's Armour         Ice            2%         N/A       98%         3
 Iskenderun's Mystic Bla  Conj/Tloc      5%         2d3       99%         4
 Summon Lightning Spire   Summ/Air       5%         N/A       99%         4
 Animate Armour           Summ/Erth      4%         N/A       100%        4
 Flame Wave               Conj/Fire      2%         2d4       100%        4
 Olgreb's Toxic Radiance  Pois           2%         N/A       100%        4
 Petrify                  Tmut/Erth      2%         N/A       100%        4
 Summon Ice Beast         Ice/Summ       2%         N/A       100%        4
 Alistair's Intoxication  Tmut/Pois      1%         N/A       100%        5
 Arcjolt                  Conj/Air       2%         1d12      100%        5
 Borgnjor's Vile Clutch   Necr/Erth      3%         N/A       100%        5
 Fireball                 Conj/Fire      1%         3d3       100%        5
 Freezing Cloud           Conj/Ice/Air   2%         6-21      100%        5
 Irradiate                Conj/Tmut      1%         3d12      100%        5
 Metabolic Englaciation   Hex/Ice        2%         N/A       100%        5
 Summon Forest            Summ/Tloc      2%         N/A       100%        5
 Summon Mana Viper        Hex/Summ       4%         N/A       100%        5
 Yara's Violent Unravell  Hex/Tmut       2%         3d3       100%        5
 Conjure Ball Lightning   Conj/Air       2%         3x3d6     100%        6
 Dispersal                Tloc           4%         N/A       100%        6
 Eringya's Noxious Bog    Tmut/Pois      1%         4d6       100%        6
 Plasma Beam              Fire/Air       2%         2x1d12    100%        6
 Simulacrum               Ice/Necr       3%         N/A       100%        6
 Summon Cactus Giant      Summ           1%         N/A       100%        6
 Enfeeble                 Hex            3%         N/A       100%        7
 Haunt                    Necr/Summ      3%         N/A       100%        7
 Monstrous Menagerie      Summ           1%         N/A       100%        7
 Ozocubu's Refrigeration  Ice            1%         4d7       100%        7
 Summon Hydra             Summ           1%         N/A       100%        7
 Borgnjor's Revivificati  Necr           5%         N/A       100%        8
 Discord                  Hex            3%         N/A       100%        8
 Disjunction              Tloc           4%         N/A       100%        8
 Ignition                 Fire           1%         3d3       100%        8
 Infestation              Necr           5%         N/A       100%        8
 Maxwell's Capacitive Co  Air            3%         ∞         100%        8
 Death's Door             Necr           5%         N/A       100%        9
 Dragon's Call            Summ           1%         N/A       100%        9
 Fire Storm               Conj/Fire      1%         7d1       100%        9
 Polar Vortex             Ice            1%         N/A       100%        9
 Shatter                  Erth           1%         3d5*      100%        9


Dungeon Overview and Level Annotations

Branches:
Dungeon (15/15)            Temple (1/1) D:6            Lair (5/5) D:9
 Shoals (4/4) Lair:2       Spider (4/4) Lair:2        Slime (5/5) Lair:5
    Orc (2/2) D:10            Elf (3/3) Orc:2        Vaults (5/5) D:13
  Crypt (3/3) Vaults:3       Tomb (0/3) Crypt:3      Depths (4/4) D:15
   Hell (visited)             Zot (5/5) Depths:4     Bailey (visited)
 WizLab (visited)         Desolation (visited)      Gauntlet (visited)
    Dis: Hell:1         Geh: Hell:1         Coc: Hell:1         Tar: Hell:1

Altars:
Ashenzari
Cheibriados
Dithmenos
Elyvilon
Fedhas
Gozag
Hepliaklqana
Kikubaaqudgha
Makhleb
Nemelex Xobeh
Okawaru
Qazlal
Ru
Sif Muna
Trog
Uskayaw
Vehumet
Wu Jian
Xom
Yredelemnul
Zin
The Shining One
Jiyva

Shops:
D:4 ?[   D:8 (   D:11 !   D:12 [   Orc:1 (   Orc:2 =(=[   Elf:1 :   Vaults:1 *
Vaults:2 [::!*   Vaults:3 [   Vaults:4 *   Vaults:5 [   Depths:1 :=:
Depths:3 :

Portals:
Hell: Depths:1 Depths:2 Depths:3 Depths:4
Abyss: Depths:2 Depths:3 Depths:4
Pandemonium: Depths:2

Annotations:
D:13
Hell trove
Elf:2 3 runed translucent doors


Innate Abilities, Weirdness & Mutations

You have a pair of horns on your head.
You reflexively headbutt those who attack you in melee.
You have very sharp teeth.
You are frail. (-10% HP)
Your muscles are strong. (Str +4, Int/Dex -1)
You occasionally lose the ability to read scrolls when taking damage.


Message History

You block the toenail golem's attack.
You slash the toenail golem! You headbutt the toenail golem.
You bite the toenail golem.
The toenail golem is almost destroyed.
You hit the toenail golem. You headbutt the toenail golem.
You destroy the toenail golem!
Qazlal accepts your kill.
No target in view!
No target in view!
What level of the Dungeon? (default 1, ? - help)
There is a stone staircase leading up here.
You fly upwards.
There is a stone staircase leading down here.
Your extra speed is starting to run out.
You hear a shout!
There is an open door here.
You hear a roar!
You hear a shout!
The draconian roars!
You feel yourself slow down.
You hear a shout!
The orc shouts!
You hear a shout!
You hear a shout!
The armataur shouts!
The naga shouts!
You hear a shout! x2
The human shouts!
The formicid shouts!
You hear a shout! x2
The spriggan shouts!
The meteoran shouts!
You hear a shout!
You hear a shout!
The demonspawn shouts!
The demigod shouts!
You hear a shout!
The merfolk shouts!
You hear a shout!
The tengu shouts!
You hear a roar!
The draconian roars!
There is an open door here.
There is a staircase leading out of the dungeon here.
You have escaped!

.# ##
###############
#i#O#n#6#x#Q#d####
###############..#
..............'.@#
###############..#
#p#M#f#p#m#e#V####
###############


There were no monsters in sight!

Vanquished Creatures
  the Royal Jelly (Slime:5)
  Khufu (Vaults:3)
  6 ancient liches
  8 dread liches
  3 orbs of fire (Zot:5)
  A juggernaut (Depths:3)
  A royal mummy (Crypt:1)
  Sojobo (Vaults:4)
  Parghit (Depths:3)
  2 Killer Klowns (Zot:5)
  3 pandemonium lords
  Saint Roka (Depths:4)
  Xtahua (Depths:2)
  A caustic shrike (Depths:2)
  A curse toe (Zot:5)
  7 golden dragons
  Geryon (Hell)
  Jory (Vaults:4)
  Arachne (Spider:4)
  2 Tzitzimimeh
  7 bone dragons
  3 electric golems
  3 doom hounds (Crypt:1)
  14 tentacled monstrosities
  Mlioglotl (Shoals:1)
  A Cloud Mage (WizLab)
  5 liches
  26 Orb Guardians
  Asterion (Spider:3)
  A deep elf blademaster (Elf:3)
  7 titans
  16 quicksilver dragons
  2 Executioners
  Grunn (Crypt:1)
  12 sphinxes
  2 deep elf master archers (Elf:3)
  A walking frostbound tome (Depths:2)
  Kirke (Spider:3)
  Murray (Hell)
  9 death cobs
  20 acid blobs
  Agnes (Elf:1)
  9 ancient champions
  6 tentacled starspawn
  A thorn hunter (Abyss:4)
  A kraken (Shoals:1)
  10 tengu reavers
  13 shadow dragons
  12 storm dragons
  4 revenants
  A nagaraja (Abyss:4)
  Aizul (Spider:3)
  9 draconian knights
  10 rockslimes
  5 draconian monks
  Donald (Shoals:2)
  An iron dragon (Hell)
  2 deep elf sorcerers (Elf:3)
  6 azure jellies
  13 frost giants
  9 fire giants
  7 draconian scorchers
  7 ghost moths
  5 draconian stormcallers
  9 emperor scorpions
  6 draconian shifters
  10 formless jellyfish
  12 vault wardens
  A cacodemon (Zig:8)
  42 very ugly things
  5 ghouls (Crypt:2)
  15 ironbound preservers
  3 spriggan defenders
  2 curse skulls
  8 draconian annihilators
  3 deep elf elementalists (Elf:3)
  2 orc warlords
  3 caustic shrike skeletons
  12 quicksilver oozes
  A demonspawn blood saint (Zig:8)
  A demonspawn corrupter (Zig:8)
  7 reapers
  3 war gargoyles
  2 juggernaut skeletons (Crypt:3)
  23 stone giants
  17 black draconians
  9 deep elf demonologists
  2 ironbound thunderhulks
  16 green draconians
  7 spark wasps
  9 vampire knights
  12 deep elf annihilators
  9 dire elephants
  11 yellow draconians
  4 lorocyprocas
  6 deep elf death magi
  20 purple draconians
  10 red draconians
  6 white draconians
  4 minotaurs
  The ghost of chuckiee3 the Bludgeoner, a journeyman MiFi (D:12)
  4 eidola
  A green death (Zig:6)
  4 merfolk javelineers (Shoals:4)
  8 entropy weavers
  A crystal guardian (D:13)
  11 jiangshi
  11 fire dragons
  8 blizzard demons
  16 ettins
  A ragged hierophant (Desolation)
  4 mummy priests
  A quicksilver dragon zombie (Crypt:2)
  8 deep elf high priests
  8 merfolk impalers
  5 hydras
  2 fenstrider witch zombies
  18 yaktaur captains
  10 great orbs of eyes
  2 servants of whispers (Desolation)
  26 vault guards
  A kraken zombie (Hell)
  Harold (D:9)
  2 hell beasts
  2 ghost crabs (WizLab)
  13 ice dragons
  13 centaur warriors
  7 rakshasas
  2 jorogumos (Spider:3)
  3 death knights
  A peacekeeper (D:13)
  10 ironbound frosthearts
  Erica (D:8)
  4 merfolk avatars
  6 spriggan skeletons
  7 boulder beetles
  9 spriggan air magi
  9 tengu warriors
  12 two-headed ogres
  11 satyrs (Shoals:4)
  2 radroaches
  An Orb Guardian skeleton (Crypt:2)
  6 deep troll earth magi
  5 spriggan berserkers
  A shock serpent (shapeshifter) (Elf:1)
  6 shock serpents (WizLab)
  10 hell hogs
  3 deep troll shamans
  12 dancing weapons
  6 death yaks
  A titan zombie (Vaults:4)
  6 vampire magi
  4 occultists
  5 orc high priests (Orc:2)
  A storm dragon zombie (Crypt:1)
  9 demonic crawlers
  6 soul eaters
  21 hell knights
  Urug (D:13)
  9 wretched stars
  10 thrashing horrors
  Sonja (Orc:2)
  2 skysharks
  9 sun demons
  2 spark wasp zombies (Depths:4)
  8 deep elf knights
  6 iron trolls
  56 skeletal warriors
  3 shadow wraiths
  32 deep trolls
  A golden dragon zombie (Zig:4)
  A salamander mystic (Depths:3)
  2 death drakes (WizLab)
  7 pharaoh ants
  3 sixfirhies
  9 large abominations
  A skyshark (shapeshifter) (Depths:4)
  7 glowing orange brains
  Lodul (D:13)
  5 sea snakes
  A quicksilver dragon simulacrum (Crypt:2)
  A swamp dragon (Abyss:4)
  6 flayed ghosts
  3 anaconda zombies
  6 deep elf archers
  A cherub (D:2)
  A lindwurm (shapeshifter) (Vaults:5)
  An orb spider (shapeshifter) (Vaults:5)
  13 orb spiders
  2 shadow demons (Abyss:3)
  A spriggan simulacrum (Crypt:1)
  7 arcanists
  An orange crystal statue (D:12)
  9 phantasmal warriors
  9 orc knights
  20 ironbound convokers
  16 lindwurms
  3 bunyip skeletons (Crypt:3)
  2 alligator zombies (Hell)
  Pikel (D:5)
  4 steelbarb worms
  28 harpies
  17 deep elf pyromancers
  11 deep elf zephyrmancers
  16 necromancers
  9 wolf spiders
  A stone giant zombie (Zig:3)
  A shadow dragon skeleton (Crypt:3)
  21 fauns
  2 orc sorcerers
  56 ugly things
  18 manticores
  A shining eye (shapeshifter) (Vaults:5)
  3 shining eyes
  A will-o-the-wisp (Abyss:4)
  13 vault sentinels
  A cyclops (D:12)
  4 worldbinders
  8 black mambas
  A faun (shapeshifter) (Depths:4)
  3 salamanders (Depths:3)
  37 moths of wrath
  Maurice (D:9)
  8 apocalypse crabs
  3 guardian serpents
  8 rust devils
  A fire giant skeleton (Crypt:1)
  An orc zombie (Crypt:2)
  8 merfolk sirens
  A toenail golem (D:2)
  A naga mage (Abyss:3)
  9 torpor snails
  2 eyes of devastation
  An elf zombie (Vaults:4)
  2 naga zombies
  5 smoke demons
  A black mamba (shapeshifter) (Abyss:3)
  14 cane toads
  4 water nymphs
  A yaktaur zombie (Vaults:4)
  3 naga skeletons (Crypt:3)
  A gargoyle (D:12)
  A komodo dragon (shapeshifter) (Vaults:2)
  A hellion (D:3)
  A black draconian zombie (Crypt:3)
  Jeremiah (D:9)
  A sea snake zombie (Hell)
  10 rime drakes
  3 ice devils
  An efreet (Zot:2)
  20 yaktaurs
  15 guardian mummies
  3 komodo dragons
  6 tengu conjurers
  A tormentor (Crypt:1)
  8 freezing wraiths
  26 merfolk
  2 harpy zombies
  2 hydra zombies
  3 red devils
  4 hellwings
  A human skeleton (Vaults:4)
  6 ancient zymes
  15 hornets
  6 meliai
  A yellow draconian skeleton (Crypt:1)
  5 trolls
  3 tyrant leeches (Lair:5)
  A polar bear (Lair:4)
  17 tarantellas
  A hornet (shapeshifter) (Depths:2)
  An iron troll skeleton (Crypt:3)
  10 blink frogs
  A satyr zombie (Crypt:1)
  6 wind drakes
  An ice dragon zombie (Crypt:3)
  8 harpy skeletons
  7 saltlings
  A hydra skeleton (Hell)
  A glass eye (shapeshifter) (Depths:4)
  3 glass eyes
  A radroach zombie (Crypt:3)
  14 raiju
  A stone giant simulacrum (Crypt:1)
  17 culicivoras
  18 jumping spiders
  A slime creature (shapeshifter) (Vaults:5)
  A centaur simulacrum (Crypt:1)
  5 snapping turtles
  13 air elementals
  5 black mamba skeletons
  9 flying skulls (Crypt:3)
  73 slime creatures
  6 shadows
  8 wraiths
  18 wyverns
  2 vampires
  2 ynoxinuls
  2 ettin skeletons
  5 fire elementals
  25 yaks
  8 basilisks
  17 water elementals
  3 hogs (Spider:3)
  16 humans (D:13)
  A basilisk (shapeshifter) (Vaults:5)
  6 chaos spawn
  9 neqoxecs
  A steam dragon (D:9)
  5 vampire mosquitoes (D:11)
  46 redbacks
  15 small abominations
  6 wargs
  A merfolk zombie (Crypt:3)
  An acid dragon (D:12)
  A naga (Abyss:3)
  7 hell hounds
  20 water moccasins
  A glowing shapeshifter skeleton (Crypt:1)
  2 fire bat skeletons (Crypt:2)
  2 black bears (D:9)
  64 orc warriors
  A black bear (shapeshifter) (D:14)
  An ice beast (D:5)
  3 sky beasts
  6 ogres
  6 wolves
  4 boggarts
  A centaur (shapeshifter) (Elf:3)
  A hog zombie (Crypt:3)
  2 lemures (D:5)
  12 centaurs
  3 phantoms
  9 kobold brigands
  An elf simulacrum (Vaults:4)
  2 brain worms
  5 necrophages (Crypt:2)
  2 gnoll sergeants
  2 scorpions
  15 bullfrogs
  4 earth elementals
  3 wights (D:8)
  A raiju zombie (Crypt:1)
  A warg skeleton (Crypt:1)
  A troll zombie (Crypt:2)
  13 killer bees
  A howler monkey (D:4)
  A shapeshifter skeleton (Crypt:3)
  7 electric eels
  4 quasits (D:12)
  A gnoll bouda (D:8)
  3 hounds
  38 orc priests
  3 jellies (Gauntlet)
  45 starcursed masses
  An iron imp (Abyss:3)
  Jessica (D:2)
  Ijyb (D:5)
  Terence (D:2)
  21 orc wizards
  4 iguanas
  9 hell rats (Lair:5)
  A deep dwarf zombie (Crypt:1)
  A tengu zombie (Crypt:2)
  11 mummies
  14 gnolls
  12 adders
  A shadow imp (D:7)
  2 white imps
  7 ufetubi
  An iguana skeleton (Crypt:3)
  2 worms
  A dart slug (D:2)
  107 orcs
  9 ball pythons
  A bat zombie (Crypt:2)
  7 endoplasms
  3 giant cockroaches
  9 goblins
  5 hobgoblins
  6 jackals
  A quokka (D:4)
  5 bats
  4 frilled lizards
  A hobgoblin zombie (Crypt:2)
  30 kobolds
  A kobold skeleton (Crypt:1)
  10 rats
  2 lurking horrors (Abyss:4)
  A spectral weapon (Spider:3)
  6 starspawn tentacles
  5 tentacles
2772 creatures vanquished.

Vanquished Creatures (collateral kills)
  An ogre mage (D:15)
  A two-headed ogre (D:15)
  A shock serpent (WizLab)
  A death drake (WizLab)
  An orc knight (Orc:2)
  A manticore (D:15)
  An ogre (Orc:2)
  3 centaurs (D:15)
  An orc (Orc:2)
11 creatures vanquished.

Vanquished Creatures (others)
  4 fire giants
  An emperor scorpion (Spider:4)
  An ironbound thunderhulk (Vaults:2)
  A centaur warrior (D:15)
  An occultist (Depths:2)
  A deep elf archer (Spider:2)
  An ugly thing (D:15)
  An air elemental (WizLab)
  A human (Spider:3)
  A redback (Spider:4)
  2 ogres (Zot:2)
  A centaur (D:15)
  An earth elemental (Zig:5)
  An orc wizard (D:9)
  2 lurking horrors (Abyss:3)
  11 starspawn tentacles
  12 tentacles (Hell)
43 creatures vanquished.

Grand Total: 2826 creatures vanquished

Notes
Turn   | Place    | Note
-------+----------+-------------------------------------------
     0 | D:1      | Amplified the Minotaur Fighter began the quest for the Orb.
     0 | D:1      | Reached XP level 1. HP: 19/19 MP: 0/0
     2 | D:1      | Noticed a draconian
     2 | D:1      | Noticed a vampire
     4 | D:1      | Noticed a tengu
     4 | D:1      | Noticed an elf
     6 | D:1      | Noticed an octopode
     6 | D:1      | Noticed a merfolk
     8 | D:1      | Noticed a demonspawn
     8 | D:1      | Noticed a demigod
    10 | D:1      | Noticed a ghoul
    10 | D:1      | Noticed a vine stalker
    12 | D:1      | Noticed an ogre
    14 | D:1      | Noticed a spriggan
    14 | D:1      | Noticed a meteoran
    16 | D:1      | Noticed a human
    16 | D:1      | Noticed a formicid
    19 | D:1      | Noticed an armataur
    19 | D:1      | Noticed a naga
    21 | D:1      | Noticed a gargoyle
    23 | D:1      | Noticed a felid
    25 | D:1      | Noticed a draconian
    25 | D:1      | Noticed a troll
    77 | D:1      | Found a faded altar of an unknown god.
   137 | D:1      | Reached XP level 2. HP: 27/27 MP: 1/1
   365 | D:1      | You fall into a shaft and drop 1 floor!
   399 | D:2      | Reached XP level 3. HP: 33/33 MP: 2/2
   880 | D:2      | Identified the +7 short sword "Wyeprugo" {freeze, Str+4}
   909 | D:2      | Noticed Jessica
   912 | D:2      | Killed Jessica
   913 | D:2      | Reached XP level 4. HP: 23/41 MP: 3/3
  1167 | D:2      | Noticed Terence
  1173 | D:2      | Killed Terence
  1307 | D:2      | Reached XP level 5. HP: 33/46 MP: 4/4
  1558 | D:3      | Noticed an ogre
  1578 | D:3      | Killed an ogre
  1579 | D:3      | Reached skill level 5 in Fighting
  1579 | D:3      | Reached skill level 5 in Shields
  1660 | D:3      | Reached XP level 6. HP: 53/56 MP: 5/5
  1846 | D:3      | Found an ancient bone altar of Kikubaaqudgha.
  2374 | D:4      | Reached skill level 5 in Axes
  2469 | D:4      | Found Taiz's Magic Scroll Emporium.
  2476 | D:4      | Reached XP level 7. HP: 54/62 MP: 6/6
  2569 | D:4      | Bought a scroll of teleportation for 39 gold pieces
  2569 | D:4      | Bought a scroll of fear for 52 gold pieces
  2569 | D:4      | Bought a scroll of teleportation for 39 gold pieces
  2569 | D:4      | Bought a scroll of teleportation for 39 gold pieces
  2588 | D:4      | Found a stormy altar of Qazlal.
  2588 | D:4      | Found a shimmering altar of Xom.
  2595 | D:4      | Reached skill level 5 in Armour
  2595 | D:4      | Reached skill level 1 in Dodging
  2685 | D:4      | Became a worshipper of Qazlal Stormbringer
  2734 | D:4      | Found Keruih's Armour Shoppe.
  2916 | D:4      | Reached skill level 1 in Invocations
  3145 | D:4      | Found Hixyofob's Weapon Shop.
  3304 | D:5      | Entered Level 5 of the Dungeon
  3405 | D:5      | Reached XP level 8. HP: 62/71 MP: 8/8
  3555 | D:5      | Noticed Ijyb
  3561 | D:5      | Reached * piety under Qazlal
  3570 | D:5      | Killed Ijyb
  3646 | D:5      | Noticed Pikel
  3660 | D:5      | Killed Pikel
  4062 | D:6      | Identified a scroll of acquirement
  4062 | D:6      | Acquired the ring of Rifywihamp {rElec rF+ AC+4 Str+3}
  4292 | D:6      | Reached XP level 9. HP: 81/81 MP: 10/10
  4347 | D:6      | Found a staircase to the Ecumenical Temple.
  4457 | Temple   | Found a transporter.
  4457 | Temple   | Found a transporter.
  4457 | Temple   | Found a transporter.
  4457 | Temple   | Found a transporter.
  4457 | Temple   | Entered the Ecumenical Temple
  4546 | D:6      | Found a snail-covered altar of Cheibriados.
  4704 | D:7      | Found a glowing silver altar of Zin.
  4934 | D:7      | Reached skill level 5 in Dodging
  5514 | D:8      | Reached skill level 5 in Invocations
  5570 | D:8      | Found a transporter.
  5572 | D:8      | Found a transporter.
  5576 | D:8      | Found a transporter.
  5636 | D:8      | Found Gausm's Weapon Boutique.
  5684 | D:8      | Reached ** piety under Qazlal
  5698 | D:8      | Reached XP level 10. HP: 59/91 MP: 13/13
  5886 | D:8      | Found a transporter.
  5946 | D:8      | Noticed Erica
  6142 | D:8      | Killed Erica
  6555 | D:9      | Noticed Harold
  6568 | D:9      | Found a staircase to the Lair.
  6576 | D:9      | Killed Harold
  6577 | D:9      | Reached skill level 10 in Fighting
  6585 | D:9      | Reached skill level 10 in Axes
  6859 | D:9      | Noticed an orc knight
  6872 | D:9      | Killed an orc knight
  6873 | D:9      | Reached XP level 11. HP: 75/101 MP: 15/15
  6876 | D:9      | Noticed an orc knight
  7006 | D:9      | Killed an orc knight
  7186 | D:9      | Noticed Jeremiah
  7197 | D:9      | Killed Jeremiah
  7869 | D:9      | Noticed Maurice
  7877 | D:9      | Killed Maurice
  7924 | D:10     | Entered Level 10 of the Dungeon
  7926 | D:10     | Found a broken altar of Ashenzari.
  7930 | D:10     | Found a staircase to the Orcish Mines.
  7939 | D:10     | Noticed a two-headed ogre
  7951 | D:10     | Killed a two-headed ogre
  7971 | D:10     | Found a flagged portal.
  8078 | Bailey   | Entered a bailey
  8139 | Bailey   | Identified the +11 spear of the End {antimagic, Str+4}
  8215 | Bailey   | Noticed an orc knight
  8218 | Bailey   | Reached *** piety under Qazlal
  8228 | Bailey   | Killed an orc knight
  8510 | Bailey   | Found an iron altar of Okawaru.
  8606 | D:10     | Found an iron altar of Okawaru.
  8791 | D:10     | Found a sacrificial altar of Ru.
  8964 | D:10     | Found a bloodstained altar of Trog.
  9447 | D:11     | Reached XP level 12. HP: 109/112 MP: 17/17
  9725 | D:11     | Found Vampazi's Distillery.
 10465 | D:11     | Bought a potion of curing for 48 gold pieces
 10465 | D:11     | Bought a potion of curing for 48 gold pieces
 10465 | D:11     | Bought a potion of curing for 48 gold pieces
 10465 | D:11     | Bought a potion of heal wounds for 80 gold pieces
 10465 | D:11     | Bought a potion of curing for 48 gold pieces
 10465 | D:11     | Bought a potion of heal wounds for 80 gold pieces
 10465 | D:11     | Bought a potion of curing for 48 gold pieces
 10465 | D:11     | Bought 2 potions of attraction for 96 gold pieces
 10465 | D:11     | Bought a potion of degeneration for 16 gold pieces
 10663 | Orc:1    | Entered Level 1 of the Orcish Mines
 10766 | Orc:1    | Found Woilig's Antique Weapon Emporium.
 10770 | Orc:1    | Bought a glowing broad axe for 210 gold pieces
 10832 | Orc:2    | Entered Level 2 of the Orcish Mines
 10832 | Orc:2    | Found a staircase to the Elven Halls.
 10877 | Lair:1   | Entered Level 1 of the Lair of Beasts
 11000 | Lair:1   | Identified the +1 leather armour of Babbieng {+Inv rCorr
                  | Int+3 Stlth+}
 12033 | Lair:2   | Found a staircase to the Shoals.
 12253 | Lair:2   | Found a hole to the Spider Nest.
 12831 | Lair:3   | Noticed a five-headed hydra
 12840 | Lair:3   | Killed a one-headed hydra
 12954 | Lair:3   | Noticed a death yak
 12956 | Lair:3   | Noticed a death yak
 12956 | Lair:3   | Noticed a death yak
 12956 | Lair:3   | Noticed a death yak
 12968 | Lair:3   | Killed a death yak
 12969 | Lair:3   | Reached skill level 15 in Axes
 12971 | Lair:3   | Killed a death yak
 12981 | Lair:3   | Killed a death yak
 12983 | Lair:3   | Killed a death yak
 13203 | Lair:3   | Reached XP level 13. HP: 84/119 MP: 18/18
 13224 | Lair:3   | Reached **** piety under Qazlal
 14790 | Lair:5   | Entered Level 5 of the Lair of Beasts
 15586 | Lair:5   | Found a viscous altar of Jiyva.
 15586 | Lair:5   | Found a staircase to the Slime Pits.
 15882 | Lair:5   | Found a runed translucent door.
 15908 | Lair:5   | Reached ***** piety under Qazlal
 16154 | Lair:5   | Paralysed by a hornet for 2 turns
 16162 | Lair:5   | Reached XP level 14. HP: 88/127 MP: 19/19
 17743 | Orc:2    | Paralysed by an orc sorcerer for 2 turns
 17850 | Orc:1    | Noticed an orc warlord
 17862 | Orc:1    | Killed an orc warlord
 18270 | Orc:2    | Noticed Sonja
 18278 | Orc:2    | Killed Sonja
 18614 | Orc:2    | Reached skill level 10 in Dodging
 18888 | Orc:2    | Reached skill level 10 in Armour
 18894 | Orc:2    | Reached skill level 10 in Invocations
 19034 | Orc:2    | Found Zaenunos's Antique Weapon Boutique.
 19034 | Orc:2    | Found Taojef's Jewellery Boutique.
 19035 | Orc:2    | Found Ninol's Armour Boutique.
 19035 | Orc:2    | Found Zotyde's Jewellery Shop.
 19042 | Orc:2    | Bought an ivory battleaxe for 310 gold pieces
 19042 | Orc:2    | Identified the +3 battleaxe "Afulugge" {chaos, rC+ Str+4
                  | Dex+2 Stlth+} (You bought it in a shop on level 2 of the
                  | Orcish Mines)
 19549 | D:12     | Found Wysyx's Antique Armour Shop.
 19559 | D:12     | Bought a pair of runed gloves for 225 gold pieces
 19582 | D:12     | Found a transporter.
 19613 | D:12     | Found a transporter.
 19615 | D:12     | Noticed chuckiee3's ghost (journeyman MiFi)
 20305 | D:13     | Noticed Lodul
 20305 | D:13     | Noticed Urug
 20305 | D:13     | Found a gate to the Vaults.
 20342 | D:13     | Found a gate leading to a gauntlet.
 20426 | D:13     | Found a portal to a secret trove of treasure.
 20457 | Gauntlet | Entered a Gauntlet
 20457 | Gauntlet | Found a transporter.
 20457 | Gauntlet | Found a transporter.
 20457 | Gauntlet | Found a transporter.
 20458 | Gauntlet | Found a transporter.
 20461 | Gauntlet | Found a transporter.
 20472 | Gauntlet | Found a transporter.
 20478 | Gauntlet | Found a transporter.
 20480 | Gauntlet | Found a transporter.
 20495 | Gauntlet | Found a transporter.
 20500 | Gauntlet | Found a transporter.
 20578 | Gauntlet | Found a transporter.
 20593 | Gauntlet | Found a transporter.
 20740 | Gauntlet | Identified the +0 helmet "Otiurghake" {-Cast Harm rElec
                  | Str+5}
 20859 | Gauntlet | Identified the +1 robe of the Kissing Gods {Str+3}
 20872 | Gauntlet | Identified the +6 dagger "Kocomu" {heavy, rF+}
 21073 | D:13     | Killed Lodul
 21082 | D:13     | Killed Urug
 21083 | D:13     | Reached XP level 15. HP: 91/139 MP: 22/22
 21497 | D:13     | Found a glowing silver altar of Zin.
 22502 | D:15     | Entered Level 15 of the Dungeon
 22532 | D:15     | Reached skill level 15 in Fighting
 23290 | D:15     | Acquired 1085 gold pieces
 23322 | D:15     | Found a staircase to the Depths.
 23342 | D:15     | Identified the +2 ring mail of Awe {rPois rC- Str+3}
 23490 | D:14     | Upgraded the game from 0.31-a0-1084-gb392501acf to
                  | 0.31-a0-1093-gadecf4124d
 23690 | Spider:1 | Entered Level 1 of the Spider Nest
 23690 | Spider:1 | Noticed an emperor scorpion
 23736 | Lair:2   | Upgraded the game from 0.31-a0-1093-gadecf4124d to
                  | 0.31-a0-1098-g6898e6545c
 23898 | Lair:2   | Killed an emperor scorpion
 24192 | D:12     | Killed chuckiee3's ghost
 24308 | Elf:1    | Entered Level 1 of the Elven Halls
 24556 | Elf:1    | Noticed Agnes
 24565 | Elf:1    | Killed Agnes
 24941 | Elf:1    | Paralysed by an air elemental for 1 turns
 25394 | Elf:3    | Entered Level 3 of the Elven Halls
 25416 | Orc:2    | Learned a level 2 spell: Lesser Beckoning
 25794 | Spider:1 | Reached XP level 16. HP: 144/152 MP: 24/24
 25829 | Spider:1 | You fall into a shaft and drop 1 floor!
 25843 | Spider:2 | Reached skill level 1 in Translocations
 26107 | Spider:1 | Reached skill level 1 in Spellcasting
 26948 | Spider:2 | Identified the ring "Obrabbin" {+Blink AC+4}
 27312 | Spider:2 | Found the +3 salamander hide armour {Flames, rFlCloud rF++
                  | rC--}
 27798 | Spider:3 | Identified the serpent talisman "Dunk" {Dex+3}
 27798 | Spider:3 | Noticed Aizul
 27816 | Spider:3 | Killed Aizul
 27984 | Spider:3 | Identified the +1 robe of Xihiz {Int+4}
 28061 | Spider:3 | Noticed Asterion
 28076 | Spider:3 | Gained mutation: You occasionally lose the ability to read
                  | scrolls when taking damage. [a cacodemon]
 28078 | Spider:3 | Killed Asterion
 28251 | Spider:3 | Noticed Arachne
 28266 | Spider:4 | Entered Level 4 of the Spider Nest
 28281 | Spider:4 | Killed Arachne
 29198 | Spider:4 | Reached ****** piety under Qazlal
 29892 | Spider:4 | Reached XP level 17. HP: 145/163 MP: 26/26
 30275 | Spider:3 | Noticed Kirke
 30412 | Spider:3 | Killed Kirke
 30413 | Spider:3 | Reached skill level 5 in Translocations
 31738 | Spider:4 | Identified the +2 pair of boots "Ecapsuudd" {rElec Int+3}
 31758 | Spider:4 | Reached XP level 18. HP: 176/176 MP: 27/27
 31780 | Spider:4 | Got a gossamer rune of Zot
 31783 | Spider:4 | Lost mutation: You occasionally lose the ability to read
                  | scrolls when taking damage. [potion of mutation]
 31783 | Spider:4 | Gained mutation: You occasionally shout uncontrollably at
                  | your foes. [potion of mutation]
 31783 | Spider:4 | Gained mutation: You have a pair of large horns on your
                  | head. [potion of mutation]
 31783 | Spider:4 | Gained mutation: You are partially covered in iridescent
                  | scales. (AC +2) [potion of mutation]
 31783 | Spider:4 | Gained mutation: You possess an exceptional clarity of
                  | mind. [potion of mutation]
 31910 | Spider:1 | Upgraded the game from 0.31-a0-1098-g6898e6545c to
                  | 0.31-a0-1099-g7fa767f3fe
 32155 | Vaults:1 | Entered Level 1 of the Vaults
 33188 | Vaults:1 | Reached skill level 15 in Invocations
 34152 | Vaults:1 | Found Joew's General Store.
 34174 | Vaults:1 | Bought a potion of curing for 48 gold pieces
 34335 | Vaults:1 | Reached XP level 19. HP: 171/184 MP: 29/29
 34408 | Vaults:1 | Paralysed by a formless jellyfish for 1 turns
 34639 | Vaults:1 | Paralysed by a formless jellyfish for 1 turns
 34961 | Vaults:2 | Found Cocufant's Book Emporium.
 34961 | Vaults:2 | Found Fuif's Book Shoppe.
 35022 | Vaults:2 | Identified the +2 battleaxe of Disaster {flame, rPois
                  | Str+5}
 35151 | Vaults:2 | Found a crumbling gateway.
 35189 | Vaults:2 | Upgraded the game from 0.31-a0-1099-g7fa767f3fe to
                  | 0.31-a0-1112-ga3593d9213
 35241 | Desolati | Entered the Desolation of Salt
 35637 | Vaults:2 | Learned a level 2 spell: Passwall
 35661 | Vaults:2 | Found Rauvizarch's Antique Armour Emporium.
 35673 | Vaults:2 | Bought a runed tower shield for 232 gold pieces
 35673 | Vaults:2 | Bought a blackened plate armour for 868 gold pieces
 35673 | Vaults:2 | Identified the +5 plate armour "Guishero" {Fly rF+ rN+}
                  | (You bought it in a shop on level 2 of the Vaults)
 35981 | Vaults:2 | Identified the +3 plate armour of Infinity {rPois Will-
                  | rCorr Str+2}
 36004 | Vaults:2 | Identified the +9 whip "Pitoc" {heavy, rCorr}
 36168 | Vaults:2 | Found Waucker's Distillery.
 36170 | Vaults:2 | Found Ciajo's General Store.
 36181 | Vaults:2 | Bought a potion of haste for 160 gold pieces
 36181 | Vaults:2 | Bought a potion of curing for 48 gold pieces
 36181 | Vaults:2 | Bought a potion of curing for 48 gold pieces
 36181 | Vaults:2 | Bought a potion of magic for 128 gold pieces
 36181 | Vaults:2 | Bought a potion of magic for 128 gold pieces
 36181 | Vaults:2 | Bought 2 potions of ambrosia for 256 gold pieces
 36181 | Vaults:2 | Bought a potion of ambrosia for 128 gold pieces
 36191 | Vaults:2 | Bought a scroll of teleportation for 60 gold pieces
 36191 | Vaults:2 | Bought a potion of heal wounds for 100 gold pieces
 37058 | Vaults:3 | Reached skill level 10 in Shields
 37067 | Vaults:3 | Found a staircase to the Crypt.
 37074 | Vaults:3 | Reached XP level 20. HP: 184/194 MP: 31/31
 37085 | Crypt:1  | Entered Level 1 of the Crypt
 37099 | Crypt:1  | Noticed Khufu
 37099 | Crypt:1  | Noticed a royal mummy
 37316 | Vaults:3 | Found Ete Enim's Armour Shop.
 38430 | Vaults:4 | Noticed Sojobo
 38442 | Vaults:4 | Killed Sojobo
 38443 | Vaults:4 | Reached XP level 21. HP: 106/202 MP: 32/32
 38641 | Vaults:4 | Found a magical portal.
 38684 | WizLab   | Entered The Chambers of the Cloud Mage
 38689 | WizLab   | Paralysed by an air elemental for 1 turns
 38772 | WizLab   | Paralysed by an air elemental for 1 turns
 38917 | WizLab   | Reached skill level 15 in Shields
 38961 | WizLab   | Paralysed by an air elemental for 1 turns
 38966 | WizLab   | Paralysed by an air elemental for 1 turns
 39177 | WizLab   | Paralysed by an air elemental for 1 turns
 39202 | WizLab   | Got the Book of Inhalation
 39207 | WizLab   | Identified the +4 quick blade of Paper {freeze, *Noise
                  | Str+3}
 39209 | WizLab   | Identified the +1 leather armour "Runew" {rC+}
 39213 | WizLab   | Identified the +5 whip "Qoyturch" {freeze, Str+3 Dex-4
                  | Stlth+}
 39688 | Vaults:4 | Found Kijeez's Assorted Antiques.
 39696 | Vaults:4 | Bought a scroll of enchant armour for 157 gold pieces
 40161 | Vaults:3 | Killed Khufu
 40431 | Crypt:1  | Killed a royal mummy
 40665 | Crypt:1  | Noticed Grunn
 40680 | Crypt:1  | Killed Grunn
 41544 | Crypt:1  | Found an ancient bone altar of Kikubaaqudgha.
 41700 | Crypt:2  | Noticed an ancient lich
 41720 | Crypt:2  | Killed an ancient lich
 42187 | Crypt:2  | Identified the +1 leather armour of Modesty {rC+ Dex+3}
 42789 | Crypt:3  | Entered Level 3 of the Crypt
 42833 | Crypt:2  | Reached XP level 22. HP: 112/211 MP: 33/33
 43551 | Crypt:3  | Found a staircase to the Tomb.
 43922 | Crypt:3  | Found a shimmering altar of Xom.
 43970 | Crypt:3  | Noticed an ancient lich
 43981 | Crypt:3  | Killed an ancient lich
 44008 | Crypt:3  | Found the +13 scythe of Curses {drain, curses, Drain}
 44017 | Crypt:3  | Identified the staff "Ypsuduq" {rElec rPois Air}
 44019 | Crypt:3  | Identified the ring "Oshinoff" {rPois rN+ Will- rCorr
                  | Str+4}
 44019 | Crypt:3  | Identified the ring "Reaqith" {rElec rPois rN+ Int-5}
 44019 | Crypt:3  | Identified the ring of Secrets {rN+ Dex+3}
 44617 | Crypt:3  | Identified the +5 broad axe "Lesi" {heavy, Contam rCorr
                  | SInv Stlth-}
 45202 | Depths:1 | Entered Level 1 of the Depths
 45280 | Depths:1 | Found a gateway to Hell.
 45397 | Depths:1 | Found a one-way gateway to a ziggurat.
 45598 | Depths:1 | Found Ahezxani's Book Shop.
 45598 | Depths:1 | Found Plog's Jewellery Emporium.
 45600 | Depths:1 | Found Miziagh's Book Shop.
 45871 | Hell     | Entered the Vestibule of Hell
 45871 | Hell     | Noticed Geryon
 45881 | Hell     | Noticed Murray
 46236 | Hell     | Killed Murray
 46357 | Hell     | Reached XP level 23. HP: 119/217 MP: 26/35
 46649 | Hell     | Killed Geryon
 46792 | D:13     | You paid a toll of the horn of Geryon to enter a treasure
                  | trove
 46793 | Trove    | Entered a treasure trove
 46799 | Trove    | Identified the +10 plate armour of Untold Secrets {Rampage
                  | *Slow rCorr Str+7}
 46801 | Trove    | Identified the orb of Pandemonium {mayhem, *Corrode Dex+4}
 46807 | Trove    | Identified the +0 pair of boots of Lilacs {rPois rCorr
                  | Dex+8 Slay-3}
 46919 | Trove    | Identified the scarf of Umege {repulsion, rF++}
 46921 | Trove    | Identified the +2 chain mail of the Beginning {Int+3}
 46925 | Trove    | Found the +3 warlock's mirror {omnireflect}
 46927 | Trove    | Identified the +0 scale mail of Snakes and Ladders {Int+3}
 46930 | Trove    | Identified the +1 robe of Mutyas {Rampage rPois Will+}
 46938 | D:13     | Upgraded the game from 0.31-a0-1112-ga3593d9213 to
                  | 0.31-a0-1127-ge7b2bbabab
 47070 | Shoals:1 | Entered Level 1 of the Shoals
 47099 | Shoals:1 | Noticed Mlioglotl
 47108 | Shoals:1 | Killed Mlioglotl
 47496 | Shoals:2 | Identified the +0 kite shield "Miantuts" {-Cast Drain rN+
                  | Dex+5}
 47496 | Shoals:2 | Noticed Donald
 47515 | Shoals:2 | Killed Donald
 48719 | Shoals:4 | Entered Level 4 of the Shoals
 49012 | Shoals:4 | Reached skill level 15 in Armour
 49315 | Shoals:4 | Got a barnacled rune of Zot
 49368 | Shoals:4 | Identified the +1 scale mail of Zin, Disbelieving {Drain
                  | +Inv rPois Int-2}
 50471 | Depths:2 | Paralysed by a sphinx for 4 turns
 50808 | Depths:2 | Found a one-way gate leading to the halls of Pandemonium.
 50836 | Depths:2 | Paralysed by a sphinx for 5 turns
 51042 | Depths:2 | Identified the -1 buckler of Syzimm {rC+ SInv}
 51299 | Depths:2 | Reached XP level 24. HP: 196/231 MP: 35/35
 51400 | Depths:2 | Lost mutation: You possess an exceptional clarity of mind.
                  | [a shining eye]
 51486 | Depths:2 | Found a one-way gate to the infinite horrors of the Abyss.
 51486 | Depths:2 | Identified the +6 dagger "Cergh" {venom, rPois rF+ Dex+2
                  | SInv}
 52129 | Depths:2 | Got the Parchment of the Warped Curse
 52230 | Depths:3 | Noticed Xtahua
 52231 | Depths:3 | Paralysed by Xtahua for 5 turns
 52265 | Depths:2 | Lost mutation: You occasionally shout uncontrollably at
                  | your foes. [potion of mutation]
 52265 | Depths:2 | Lost mutation: You are partially covered in iridescent
                  | scales. (AC +2) [potion of mutation]
 52265 | Depths:2 | Lost mutation: You have a pair of large horns on your head.
                  | [potion of mutation]
 52265 | Depths:2 | Gained mutation: Your magical capacity is low. (-10% MP)
                  | [potion of mutation]
 52485 | Depths:2 | Upgraded the game from 0.31-a0-1127-ge7b2bbabab to
                  | 0.31-a0-1147-g46bab52692
 52515 | Depths:2 | Killed Xtahua
 53125 | Depths:3 | Identified the +2 chain mail of Responsibility {Str+3}
 53126 | Depths:3 | Identified the +9 mace "Yppib" {elec, SInv}
 53378 | Depths:3 | Found Mikhline's Book Boutique.
 53787 | Depths:4 | Entered Level 4 of the Depths
 53797 | Depths:4 | Noticed Parghit
 53800 | Depths:4 | Noticed a juggernaut
 53807 | Depths:3 | Identified the staff "Oxelec" {rCorr Dex+2 Stlth+ Earth}
 54119 | Depths:4 | Noticed Saint Roka
 54164 | Depths:4 | Killed Saint Roka
 54544 | Depths:4 | Noticed an ancient lich
 54554 | Depths:4 | Killed an ancient lich
 54558 | Depths:4 | Identified the +10 falchion "Killer Klown's Foe" {spect,
                  | SInv Stlth+}
 55073 | Depths:4 | Reached XP level 25. HP: 244/244 MP: 33/33
 55398 | Depths:4 | Found a gate to the Realm of Zot.
 56106 | Elf:1    | Found Udotyrhocu's Book Boutique.
 56281 | Elf:1    | Found a runed translucent gate.
 56281 | Elf:1    | Found a runed translucent gate.
 56281 | Elf:1    | Found a runed translucent gate.
 56281 | Elf:1    | Found a runed translucent gate.
 56281 | Elf:1    | Found a runed translucent gate.
 56287 | Elf:1    | Found a runed translucent gate.
 56759 | Elf:2    | Found Nouv's Distillery.
 56764 | Elf:2    | Bought a potion of heal wounds for 70 gold pieces
 56764 | Elf:2    | Bought a potion of haste for 140 gold pieces
 56764 | Elf:2    | Bought a potion of mutation for 112 gold pieces
 56764 | Elf:2    | Bought a potion of mutation for 112 gold pieces
 56764 | Elf:2    | Bought a potion of might for 56 gold pieces
 56770 | Elf:2    | Paralysed by an air elemental for 1 turns
 57013 | Elf:2    | Identified the +4 rapier of the Lair of Beasts {speed,
                  | +Blink rCorr Str+3 Dex-5}
 57093 | Elf:2    | Found a runed translucent gate.
 57094 | Elf:2    | Found a runed translucent gate.
 57094 | Elf:2    | Found a runed translucent gate.
 57312 | Elf:3    | Identified the +2 robe "Hebruqoe" {rElec}
 57468 | Elf:3    | Paralysed by an air elemental for 1 turns
 57503 | Abyss:3  | Found a corrupted altar of Lugonu.
 57503 | Abyss:3  | Found a corrupted altar of Lugonu.
 57503 | Abyss:3  | Cast into level 3 of the Abyss (a deep elf demonologist)
 57713 | Elf:3    | Escaped the Abyss
 58100 | Elf:3    | Paralysed by an air elemental for 1 turns
 58171 | Elf:3    | Identified the +5 flail of Tenacity {freeze, Contam +Blink
                  | Int+3}
 58178 | Elf:3    | Identified the +1 robe of the Dozen Knives {rF+++ rN+
                  | Str-4}
 58178 | Elf:3    | Identified the ring of Dizaop {AC+4 Dex+3}
 58180 | Elf:3    | Identified the +8 war axe "Neetocwin" {flame, Dex+2}
 58180 | Elf:3    | Identified the +1 acid dragon scales of Muleuw {rF+ Regen+
                  | rCorr Str-4}
 58185 | Elf:3    | Identified the +8 flail of Blind Justice {freeze, rC+++
                  | rN++ rCorr Str-4}
 58187 | Elf:3    | Identified the +0 ring mail of Focus {SInv}
 58188 | Elf:3    | Identified the +8 dagger "Menn" {pain, rN+ Int+3}
 58355 | Elf:3    | Found the +3 giant club "Skullcrusher" {speed, Str+7}
 58454 | Elf:3    | Got Sif Muna's Guide on Inflammable Orientation
 58655 | Elf:3    | Upgraded the game from 0.31-a0-1147-g46bab52692 to
                  | 0.31-a0-1163-gcee99d1eea
 59028 | Vaults:5 | Entered Level 5 of the Vaults
 59041 | Vaults:5 | Noticed Jory
 59063 | Vaults:4 | Killed Jory
 59356 | Vaults:5 | Found Obufila's Armour Boutique.
 59638 | Vaults:5 | Reached XP level 26. HP: 101/258 MP: 27/34
 59985 | Vaults:5 | Identified the +9 scimitar of Osemocw {flame, +Blink Int+3}
 60407 | Vaults:5 | Got a silver rune of Zot
 61481 | Depths:2 | Voluntarily entered the Abyss.
 61491 | Abyss:3  | Found a corrupted altar of Lugonu.
 61557 | Abyss:3  | Found a corrupted altar of Lugonu.
 61578 | Abyss:3  | Found a corrupted altar of Lugonu.
 61682 | Abyss:3  | Paralysed by accursed screaming for 1 turns
 61709 | Depths:2 | Escaped the Abyss
 62094 | Depths:3 | Killed a juggernaut
 62312 | Depths:3 | Killed Parghit
 62440 | Zot:1    | Entered Level 1 of the Realm of Zot
 63839 | Zot:1    | Reached skill level 27 in Invocations
 64301 | Zot:1    | Identified the +3 sling of Law {elec, *Corrode rF+ Str+6
                  | Int+3}
 64322 | Zot:1    | Identified the +3 troll leather armour of Dishonesty
                  | {Rampage rN+ Regen+ Str+2}
 64821 | Zot:1    | Upgraded the game from 0.31-a0-1163-gcee99d1eea to
                  | 0.31-a0-1169-gd935f9fcdc
 65296 | Zot:2    | Reached XP level 27. HP: 242/266 MP: 33/35
 65830 | Zot:2    | Reached skill level 27 in Fighting
 68515 | Zot:5    | Entered Level 5 of the Realm of Zot
 68537 | Zot:5    | Noticed an orb of fire
 68543 | Zot:5    | Gained mutation: You are frail. (-10% HP) [an orb of fire]
 68546 | Zot:5    | Gained mutation: Your magical capacity is very low. (-20%
                  | MP) [an orb of fire]
 68552 | Zot:5    | Killed an orb of fire
 69123 | Zot:5    | Identified the +11 long sword of Spores {antimagic, Fly
                  | Dex+3}
 69357 | Zot:5    | Identified the +3 leather armour of Untruth {rC- Slay+5}
 69609 | Depths:4 | Voluntarily entered the Abyss.
 69680 | Abyss:3  | Found a shimmering blue altar of Sif Muna.
 69703 | Abyss:3  | Got Reoll's Writings on Turbulence
 69711 | Abyss:3  | Found a corrupted altar of Lugonu.
 69732 | Abyss:3  | Got Sif Muna's Grimoire of Ashes
 69747 | Abyss:3  | Found a shimmering blue altar of Sif Muna.
 69754 | Abyss:3  | Got the Secrets of the Fjord
 69756 | Abyss:3  | Got the Guidebook on Lava
 69766 | Abyss:3  | Got the Folio of the Caves
 69768 | Abyss:3  | Got the Catalogue of Superposition
 69892 | Abyss:4  | Found an opulent altar of Gozag.
 69943 | Abyss:4  | Noticed an ancient lich
 69952 | Abyss:4  | Killed an ancient lich
 70095 | Abyss:4  | Got an abyssal rune of Zot
 70121 | Depths:4 | Escaped the Abyss
 70618 | Orc:2    | Bought a ring of resist corrosion for 340 gold pieces
 70851 | Slime:1  | Entered Level 1 of the Pits of Slime
 70861 | Slime:1  | Gained mutation: Armour fits poorly on your strangely
                  | shaped body. [a shining eye]
 70863 | Slime:1  | Gained mutation: Your body sometimes deteriorates upon
                  | taking damage. [a shining eye]
 71132 | Slime:4  | Paralysed by a formless jellyfish for 1 turns
 71547 | Slime:5  | Entered Level 5 of the Pits of Slime
 71722 | Slime:5  | Noticed the Royal Jelly
 72304 | Slime:5  | Found a viscous altar of Jiyva.
 72356 | Slime:5  | Killed the Royal Jelly
 72517 | Slime:5  | Got the Parchment of Turbulent Imprecation
 72582 | Slime:5  | Identified the +0 leather armour "Modiabiu" {Str+3}
 72584 | Slime:5  | Identified the +4 battleaxe of Leaping Extermination
                  | {freeze, rN+ Str+4}
 72589 | Slime:5  | Identified the +5 arbalest "Piss" {speed, rPois Int+3}
 72597 | Slime:5  | Got a slimy rune of Zot
 72598 | Slime:5  | Identified the +3 battleaxe of Kurghy {flame, Will- Str+3
                  | Dex+6}
 72602 | Slime:5  | Identified the +5 plate armour of the Bard {+Blink +Inv
                  | Int+2 Stlth-}
 72605 | Slime:5  | Got the Papyrus of Portals and the Hornet
 72606 | Slime:5  | Identified the +2 robe "Umustu Hadug" {Rampage SInv}
 72726 | Slime:5  | Identified the +3 mace of Fukifayn {protect, rElec rPois
                  | rN+}
 72733 | Slime:5  | Identified the +4 scale mail of Pride {Str+3 Int+6 Dex-2}
 72736 | Slime:5  | Identified the ring "Fepy" {rC+ MP+9 Str-4 Int+3}
 73386 | Depths:1 | Lost mutation: Your body sometimes deteriorates upon taking
                  | damage. [potion of mutation]
 73386 | Depths:1 | Lost mutation: Armour fits poorly on your strangely shaped
                  | body. [potion of mutation]
 73386 | Depths:1 | Lost mutation: Your magical capacity is very low. (-20% MP)
                  | [potion of mutation]
 73386 | Depths:1 | Gained mutation: You occasionally lose the ability to read
                  | scrolls when taking damage. [potion of mutation]
 73386 | Depths:1 | Gained mutation: You are partially covered in iridescent
                  | scales. (AC +2) [potion of mutation]
 73387 | Depths:1 | Lost mutation: You are partially covered in iridescent
                  | scales. (AC +2) [potion of mutation]
 73387 | Depths:1 | Lost mutation: Your magical capacity is low. (-10% MP)
                  | [potion of mutation]
 73387 | Depths:1 | Gained mutation: You are weak. (Str -2) [potion of
                  | mutation]
 73387 | Depths:1 | Gained mutation: You are vulnerable to heat. (rF-) [potion
                  | of mutation]
 73388 | Depths:1 | Lost mutation: You are frail. (-10% HP) [potion of
                  | mutation]
 73388 | Depths:1 | Lost mutation: You are vulnerable to heat. (rF-) [potion of
                  | mutation]
 73388 | Depths:1 | Lost mutation: You are weak. (Str -2) [potion of mutation]
 73388 | Depths:1 | Gained mutation: You are agile. (Dex +4, Str/Int -1)
                  | [potion of mutation]
 73396 | Zig:1    | Entered Level 1 of a ziggurat
 73418 | Zig:2    | Entered Level 2 of a ziggurat
 73643 | Zig:3    | Entered Level 3 of a ziggurat
 73807 | Zig:4    | Entered Level 4 of a ziggurat
 73994 | Zig:5    | Entered Level 5 of a ziggurat
 74028 | Zig:5    | Identified the +9 battleaxe of the Extremely Mad {elec,
                  | Str+4}
 74047 | Zig:6    | Entered Level 6 of a ziggurat
 74068 | Zig:6    | Reached skill level 27 in Armour
 74081 | Zig:6    | Learned a level 4 spell: Manifold Assault
 74086 | Zig:6    | Learned a level 4 spell: Dispel Undead
 74092 | Zig:6    | Learned a level 5 spell: Silence
 74098 | Zig:6    | Found the dreamshard necklace {Acrobat *Dream}
 74108 | Zig:6    | Identified the amulet of Sitin {Faith Will+ SInv}
 74135 | Zig:7    | Entered Level 7 of a ziggurat
 74141 | Zig:7    | Noticed a dread lich
 74150 | Zig:7    | Killed a dread lich
 74151 | Zig:7    | Reached skill level 5 in Spellcasting
 74153 | Zig:7    | Reached skill level 1 in Air Magic
 74154 | Zig:7    | Reached skill level 1 in Hexes
 74170 | Zig:7    | Found the +5 moon troll leather armour {Spirit, Regen++
                  | MP+5}
 74179 | Zig:7    | Identified the +1 cloak of Tender Moments {Str+3 Int+4}
 74186 | Zig:7    | Identified the +4 trident "Nixili" {heavy, *Corrode rF++
                  | Stlth+}
 74187 | Zig:7    | Identified the +2 robe of Hairiness {rF++}
 74434 | Zig:8    | Entered Level 8 of a ziggurat
 74440 | Zig:8    | Noticed Zaugg the pandemonium lord
 74455 | Zig:8    | Killed Zaugg the pandemonium lord
 74549 | Zig:8    | Identified the +5 morningstar of Diet Blood {antimagic,
                  | Int+2}
 74553 | Zig:9    | Entered Level 9 of a ziggurat
 74559 | Zig:9    | Noticed Wicoets the pandemonium lord
 74565 | Zig:9    | Identified the ring of Hyerub Hatz {rCorr Int+2 SInv}
 75402 | Zot:5    | Reached skill level 1 in Necromancy
 75432 | Zot:5    | Noticed an ancient lich
 75442 | Zot:5    | Killed an ancient lich
 75512 | Zot:5    | Learned a level 1 spell: Apportation
 75520 | Zot:5    | Noticed a dread lich
 75533 | Zot:5    | Noticed a dread lich
 75540 | Zot:5    | Paralysed by a dread lich for 4 turns
 75546 | Zot:5    | Killed a dread lich
 75547 | Zot:5    | Killed a dread lich
 75647 | Zot:5    | Noticed a dread lich
 75651 | Zot:5    | Noticed an orb of fire
 75658 | Zot:5    | Gained mutation: You are occasionally teleported next to
                  | monsters. [an orb of fire]
 75669 | Zot:5    | Gained mutation: You are frail. (-10% HP) [an orb of fire]
 75673 | Zot:5    | Killed an orb of fire
 75679 | Zot:5    | Killed a dread lich
 75693 | Zot:5    | Lost mutation: You are agile. (Dex +4, Str/Int -1) [potion
                  | of mutation]
 75693 | Zot:5    | Lost mutation: You are occasionally teleported next to
                  | monsters. [potion of mutation]
 75693 | Zot:5    | Gained mutation: Your muscles are strong. (Str +4, Int/Dex
                  | -1) [potion of mutation]
 75693 | Zot:5    | Gained mutation: You have very sharp teeth. [potion of
                  | mutation]
 75723 | Zot:5    | Noticed an orb of fire
 75727 | Zot:5    | Noticed a dread lich
 75731 | Zot:5    | Killed an orb of fire
 75735 | Zot:5    | Killed a dread lich
 75744 | Zot:5    | Noticed an ancient lich
 75747 | Zot:5    | Killed an ancient lich
 75762 | Zot:5    | Reached skill level 5 in Necromancy
 76119 | Zot:5    | Noticed a dread lich
 76121 | Zot:5    | Noticed a dread lich
 76146 | Zot:5    | Killed a dread lich
 76154 | Zot:5    | Killed a dread lich
 76203 | Zot:5    | Noticed a dread lich
 76213 | Zot:5    | Paralysed by a dread lich for 2 turns
 76217 | Zot:5    | Killed a dread lich
 76288 | Zot:5    | Got the Orb of Zot
 76433 | Zot:2    | Noticed Qehiep the pandemonium lord
 76522 | Depths:4 | Noticed Kaetsiza the pandemonium lord
 76531 | Depths:4 | Killed Kaetsiza the pandemonium lord
 76962 | D:2      | Noticed Cunemus the pandemonium lord
 76975 | D:2      | Killed Cunemus the pandemonium lord
 77038 | D:$      | Escaped with the Orb!

Illustrated notes

Levels and vault maps discovered:
D:1:      kb_arrival_jail, layout_basic, basic_ecumenical_altar
D:2:      layout_basic, minmay_close_crescents, uniq_jessica, uniq_terence
D:3:      layout_basic, kiku_gazebo_pond_becter, minmay_misc_feat_cross,
          minmay_box_of_dots
D:4:      layout_gridville, chequers_temple_overflow_statue_of_worship,
          serial_shops, nicolae_shop_back_alley_shop, nicolae_diamond_shop,
          shop, minmay_puff
D:5:      layout_rooms, uniq_pikel, uniq_ijyb
D:6:      layout_rooms, mainiacjoe_overflow_tiny_flanked, temple_green
D:7:      layout_basic, amcnicky_altar_gilded, minmay_misc_feat_more_columns
D:8:      layout_gridville, serial_shops, shop, nicolae_transporter_circle,
          uniq_erica
D:9:      layout_roguey, due_lair_maze_entry_diamond, lightli_church_of_beogh,
          uniq_maurice, uniq_jeremiah, uniq_harold
D:10:     layout_rooms, mainiacjoe_overflow_24_doors, mainiacjoe_overflow_swirl,
          mainiacjoe_overflow_concentric_impassable,
          minmay_orc_entry_guard_dogs, enter_bailey_2, patterned_corridor
D:11:     layout_stronghold, serial_shops, nicolae_inconvenience_store
D:12:     layout_roguey, serial_shops, nicolae_shop_tiny_glass,
          gammafunk_ghost_stat_death, minivault_15
D:13:     layout_basic, david_vaults_3, enter_trove_3, gauntlet_entry_generic,
          zin_angel, uniq_urug
D:14:     layout_loops_ring
D:15:     grunt_enter_depths_snipers, layout_cave_pools, minivault_27
Temple:   hellmonk_temple_divided_pantheon
Lair:1:   layout_loops_ring, serial_rivers, chequers_serial_rivers_room_b,
          chequers_serial_rivers_large_a, chequers_serial_rivers_marsh,
          chequers_serial_rivers_marsh, serial_bayou_shore_b
Lair:2:   layout_roguey, nicolae_shoals_entry_roost,
          hellmonk_spider_entry_life_and_decay, serial_bayou_shore_a
Lair:3:   layout_misc_corridors, minivault_26, tgw_fedhas, serial_bayou_shore_b
Lair:4:   layout_loops_ring
Lair:5:   hangedman_lair_tendril_chambers, layout_small_grid, wormcave,
          slime_entry_1, special_room [special_room_mythical_zoo]
Shoals:1: layout_shoals, nicolae_shoals_dead_sea_scrolls, uniq_mlioglotl
Shoals:2: layout_shoals, uniq_donald
Shoals:3: layout_shoals
Shoals:4: shoals_end_hellmonk_lost_city, serial_shops
Spider:1: layout_spider_delve, spiders_nest_hornet_nest
Spider:2: layout_spider_delve, drop_trap, hangedman_spider_mandibles,
          beargit_elvish_explorers
Spider:3: layout_spider_delve, uniq_aizul, uniq_asterion, uniq_arachne,
          uniq_kirke
Spider:4: grunt_spider_rune_circles, nicolae_spider_claw_tunnel
Slime:1:  layout_caves
Slime:2:  layout_caves
Slime:3:  layout_caves
Slime:4:  layout_caves
Slime:5:  slime_pit_nicolae_trefoil
Orc:1:    layout_caves, serial_shops, nicolae_shop_back_alley_shop
Orc:2:    st_orc_pillars, layout_diamond_mine, basic_altar,
          nicolae_orc_flooded_monolith, uniq_sonja
Elf:1:    minmay_elf_arrival_circle, layout_loops_ring, serial_shops, shop,
          orc_legates, uniq_agnes
Elf:2:    nicolae_elf_blades_crystal_corner, layout_geoelf_grid, serial_shops,
          shop
Elf:3:    minmay_elf_hall_curves, layout_loops_cross
Vaults:1: v_pattern_3, nicolae_vaults_trapezoid_lopsided_1,
          nicolae_vaults_oval_intersection, nicolae_vaults_asterisk,
          st_smaller_cells, v_misc_30, nicolae_vaults_diamond_1,
          vaults_room_door_ring, v_misc_29, nicolae_vaults_arrows,
          nicolae_vaults_border_crossing, vaults_room_corners,
          nicolae_vaults_little_squares_1, layout_vaults_maze, serial_shops,
          nicolae_shop_hallway_stairs
Vaults:2: portal_desolation_entry_nicolae_slug, v_misc_5,
          nicolae_vaults_storing_the_good_stuff, serial_ice_m,
          nicolae_vaults_little_squares_2, nicolae_vaults_tetromino_L_1,
          v_pattern_5, nicolae_vaults_closet_pinwheel_1, layout_vaults_ring,
          serial_shops, shop, shop, nicolae_shop_statue_plus, shop, shop
Vaults:3: ontoclasm_vaults_eye, minmay_crypt_entry_simple_walls,
          nicolae_vaults_two_Ls, hangedman_vaults_corner, vaults_dpeg_doors,
          nicolae_vaults_mitosis, vaults_room_hallway,
          vaults_room_stairs_pillars, st_lattice,
          nicolae_vaults_twisting_passages, v_misc_27,
          serial_library_hellmonk_semicircle,
          nicolae_vaults_trapezoid_lopsided_4, vaults_dpeg_cross,
          v_alt_pattern_2, layout_vaults_omnibox, serial_shops, shop
Vaults:4: mu_enter_wizlab_5, nicolae_vaults_cornered_office,
          nicolae_vaults_diagonal_hallway_7, nicolae_vaults_asterisk,
          nicolae_vaults_trapezoid_2, nicolae_vaults_trapezoid_lopsided_1,
          vaults_dpeg_ring, nicolae_vaults_asterisk, layout_vaults_omnigrid,
          serial_shops, shop, uniq_sojobo
Vaults:5: uniq_jory
Crypt:1:  layout_chaotic_city, lemuel_statue_altar, uniq_grunn, uniq_khufu
Crypt:2:  layout_misc_corridors, grunt_megastairs_4
Crypt:3:  church_of_pain_bobbens, layout_chaotic_city,
          tomb_entry_sphere_bobbens, minmay_misc_feat_five
Depths:1: layout_cross, enter_ziggurat_f, hell_entry, kennysheep_pointless_box,
          lemuel_flames_and_gold, serial_bayou_shore_b, minmay_shop_grove
Depths:2: little_maze_vault, layout_cave_shapes, abyss_entry,
          rand_demon_pan_entry_7, serial_library_hellmonk_layered_room,
          hell_entry, dk_noncrumbling_3, minmay_misc_feat_four_crosses,
          minmay_checkered_concentric_circles
Depths:3: kennysheep_demon_jail, layout_cave_pools, abyss_entry, serial_shops,
          nicolae_shop_peninsula, hellmouth_1, infiniplex_staircase_zigzag_1,
          firewood_loft, uniq_xtahua
Depths:4: hangedman_pleasuredromes, abyss_entry, serial_shops, hell_entry,
          uniq_parghit, uniq_saint_roka
Hell
Zot:1:    cheibrodos_zot_enchanting_chambers, layout_twisted_circle,
          regret_index_zotdec_zees
Zot:2:    lemuel_halls_of_wrath, layout_misc_corridors
Zot:3:    layout_basic, regret_index_zotdec_carving_tricks
Zot:4:    layout_cathedral_of_symmetry, regret_index_zotdec_tunneler,
          regret_index_zotdec_ex
Zot:5:    layout_basic

Skill      XL: |  1  2  3  4  5  6  7  8  9 10 11 12 13 14 15 16 17 18 19 20 21 22 23 24 25 26 27 |
---------------+----------------------------------------------------------------------------------+-----
Axes           | 3 4 5 6 7 9 10 11 15 20 | 20.3
Fighting       | 4 5 6 7 9 10 11 12 14 16 17 19 20 21 23 25 26 27 | 27.0
Shields        | 4 5 11 13 20 23 | 23.7
Armour         | 4 5 6 7 8 9 10 11 13 14 15 17 27 | 27.0
Dodging        | 2 4 6 7 9 10 11 12 13 14 | 14.9
Invocations    | 1 3 5 7 8 9 11 12 14 15 16 18 19 22 25 27 | 27.0
Translocations | 4 5 |  5.3
Spellcasting   | 4 9 |  9.1
Air Magic      | 3 |  3.9
Hexes          | 3 |  3.5
Necromancy     | 7 |  7.0

Action                     |  1- 3 |  4- 6 |  7- 9 | 10-12 | 13-15 | 16-18 | 19-21 | 22-24 | 25-27 || total
---------------------------+-------+-------+-------+-------+-------+-------+-------+-------+-------++-------
  Melee: War axe           |    65 |   108 |   242 |   303 |       |       |       |       |       ||   718
         Headbutt          |     5 |    13 |    50 |   100 |   204 |   190 |   267 |   597 |   924 ||  2350
         Broad axe         |       |       |       |   151 |   905 |   726 |   202 |       |       ||  1984
         Labrys            |       |       |       |       |       |       |   707 |  1856 |  2514 ||  5077
         Unarmed           |       |       |       |       |       |       |       |     6 |       ||     6
         Bite              |       |       |       |       |       |       |       |       |    36 ||    36
   Cast: Lesser Beckoning  |       |       |       |       |       |       |     7 |    13 |     5 ||    25
         Passwall          |       |       |       |       |       |       |       |       |     1 ||     1
 Invoke: Upheaval          |       |       |       |    11 |    23 |    12 |     7 |     8 |    39 ||   100
         Elemental Force   |       |       |       |       |     5 |       |     1 |       |     1 ||     7
         Disaster Area     |       |       |       |       |     1 |       |       |     6 |    14 ||    21
  Evoke: Wand              |       |       |     2 |    19 |    13 |    20 |       |     5 |       ||    59
         Phantom mirror    |       |       |       |       |     1 |       |       |       |       ||     1
    Use: Potion            |     3 |     3 |     5 |     6 |     9 |    16 |     9 |     7 |    35 ||    93
         Scroll            |       |     3 |     7 |    15 |    22 |    13 |    10 |     6 |    25 ||   101
   Stab: Invisible         |       |     1 |     8 |       |     4 |       |       |       |       ||    13
         Paralysed         |       |       |     7 |    19 |     3 |     1 |       |     2 |     4 ||    36
         Confused          |       |       |       |       |       |       |       |       |     1 ||     1
 Armour: Scale mail        |    79 |   115 |    48 |       |       |       |       |       |       ||   242
         Ring mail         |       |       |    99 |   291 |   412 |   591 |    89 |       |       ||  1482
         Skin              |       |       |       |    14 |       |    43 |       |     6 |       ||    63
         Plate armour      |       |       |       |       |       |       |   304 |   614 |   174 ||  1092
         Gold dragon scale |       |       |       |       |       |       |       |       |   660 ||   660
  Dodge: Dodged            |    62 |    60 |   139 |   289 |   448 |   383 |   190 |   297 |   348 ||  2216
         Repelled          |       |       |       |       |    10 |     5 |     8 |    16 |    47 ||    86
  Block: Buckler           |    36 |    30 |    85 |   239 |   419 |   456 |    71 |       |       ||  1336
         Tower shield      |       |       |       |       |       |       |   794 |  2671 |  2778 ||  6243
         Other             |       |       |       |       |       |       |       |     1 |       ||     1

Table legend: (Time is in decaauts)
 A = Elapsed time spent in this place.
 B = Non-inter-level travel time spent in this place.
 C = Inter-level travel time spent in this place.
 D = Time resting spent in this place.
 E = Time spent auto-exploring this place.
 F = Levels seen in this place.
 G = Mean time per level.
                   A        B        C        D        E       F      G
               +--------+--------+--------+--------+--------+-----+--------+
         Total |  75403 |  68776 |   6627 |  13842 |  37679 |  75 | 1005.4 |
       Dungeon |  16232 |  14143 |   2089 |   1927 |   9458 |  15 | 1082.1 |
        Temple |     35 |     35 |      0 |      0 |      0 |   1 |   35.0 |
          Lair |   7701 |   6762 |    939 |    910 |   5008 |   5 | 1540.2 |
        Shoals |   2539 |   2346 |    193 |      0 |   1613 |   4 |  634.8 |
   Spider Nest |   5954 |   5771 |    183 |   1991 |   2176 |   4 | 1488.5 |
    Slime Pits |   2175 |   2073 |    102 |    257 |   1279 |   5 |  435.0 |
  Orcish Mines |   2384 |   2014 |    370 |    433 |   1243 |   2 | 1192.0 |
   Elven Halls |   3426 |   3257 |    169 |    334 |   2149 |   3 | 1142.0 |
        Vaults |   9562 |   8552 |   1010 |   1419 |   4903 |   5 | 1912.4 |
         Crypt |   4388 |   4288 |    100 |    853 |   2434 |   3 | 1462.7 |
        Depths |   9464 |   8487 |    977 |   3357 |   3105 |   4 | 2366.0 |
          Hell |    445 |    445 |      0 |    306 |      1 |   1 |  445.0 |
           Zot |   7348 |   6858 |    490 |    906 |   3574 |   5 | 1469.6 |
         Abyss |    850 |    850 |      0 |      4 |    114 |   4 |  212.5 |
      Ziggurat |   1195 |   1195 |      0 |    785 |      0 |   9 |  132.8 |
         Trove |    143 |    143 |      0 |    100 |      3 |   1 |  143.0 |
        Bailey |    466 |    466 |      0 |     80 |    230 |   1 |  466.0 |
        Wizlab |    644 |    644 |      0 |    171 |    243 |   1 |  644.0 |
    Desolation |     38 |     38 |      0 |      4 |      0 |   1 |   38.0 |
      Gauntlet |    404 |    404 |      0 |      3 |    143 |   1 |  404.0 |
               +--------+--------+--------+--------+--------+-----+--------+

Top non-repeatable levels by time:
Depths:2: 3170 daAuts
  Lair:5: 2641 daAuts
Depths:4: 2631 daAuts
Vaults:1: 2571 daAuts
Vaults:3: 1968 daAuts
Spider:4: 1957 daAuts
   Zot:5: 1937 daAuts
Spider:3: 1919 daAuts
Depths:1: 1908 daAuts
     D:9: 1869 daAuts
Vaults:4: 1847 daAuts
 Crypt:3: 1844 daAuts
Depths:3: 1753 daAuts
    D:11: 1743 daAuts
  Lair:2: 1731 daAuts
